Map: Dusk Towers

Players

HopeTorture

  • Race: Terran Terran
  • League: Platinum

LilDicky - Winner!

  • Race: Terran Terran
  • League: Diamond

VOD

http://www.twitch.tv/tumescentpie

Description

Time

  • Played on: Jan. 1, 2016, 9:56 p.m.
  • Length: 8:51
Show
View Real Time Build Order
Export as new Build Order

HopeTorture Terran 

Build Orders: Liberator Opening, Mech 

Get SALT Encoding   

  12  0:09  SCV  
  13  0:17  Supply Depot  
  13  0:21  SCV  
  14  0:34  SCV, Refinery  
  15  0:43  Barracks  
  15  0:50  SCV  
  16  1:00  Supply Depot  
  16  1:02  SCV  
  17  1:14  SCV  
  18  1:22  Refinery  
  18  1:26  SCV  
  18  1:30  Reaper  
  20  1:38  Orbital Command  
  20  1:53  Factory  
  20  2:02  Reaper  
  20  2:07  SCV  
  22  2:19  SCV  
  23  2:32  Command Center  
  23  2:35  SCV  
  23  2:36  Marine  
  25  2:37  Factory Tech Lab  
  25  2:47  SCV  
  26  2:55  Marine  
  26  2:57  Starport  
  26  3:00  Siege Tank  
  28  3:06  SCV  
  29  3:13  Marine  
  29  3:16  Supply Depot  
  29  3:18  SCV  
  31  3:25  Liberator  
  31  3:26  Infernal Pre-Igniter  
  31  3:38  Marine  
  32  3:46  Orbital Command  
  35  3:53  Widow Mine  
  37  3:55  SCV  
  37  3:59  Marine  
  39  4:06  Refinery  
  39  4:08  SCV, Liberator  
  40  4:12  Supply Depot  
  40  4:13  SCV  
  41  4:17  Marine  
  41  4:20  SCV  
  43  4:26  SCV  
  43  4:31  Hellion  
  49  4:32  SCV  
  49  4:38  SCV, Marine  
  52  4:44  SCV  
  53  4:46  Factory  
  53  4:50  SCV  
  54  4:53  Liberator  
  54  4:55  Marine  
  55  5:00  Factory Reactor  
  55  5:13  Marine  
  55  5:42  Hellion x2  
  56  6:06  Supply Depot  
  56  6:07  Supply Depot  
  56  6:09  Supply Depot x2  
  56  6:25  Supply Depot  
  56  6:26  Supply Depot  
  56  6:28  SCV, Marine, Viking, Widow Mine  
  56  6:30  SCV, Siege Tank, Widow Mine  
  68  6:37  Supply Depot  
  68  6:40  SCV  
  68  6:41  Liberator  
  68  6:42  SCV  
  70  6:50  Marine  
  71  6:56  Widow Mine  
  71  6:58  Widow Mine  
  78  7:02  Cyclone  
  63  7:12  Marine  
  60  7:16  SCV  
  61  7:23  Command Center  
  61  7:25  Factory  
  61  7:26  Factory  
  61  7:28  SCV  
  60  7:40  SCV  
  53  7:52  SCV  
  47  8:06  Viking, Widow Mine  
  47  8:07  Marine  
  47  8:09  Siege Tank  
  47  8:11  Hellion x2  
  61  8:16  SCV x2  
  61  8:19  Refinery  
  59  8:28  SCV x2  
Show
View Real Time Build Order
Export as new Build Order

LilDicky Terran - Winner!

Build Orders: Liberator Opening 

Get SALT Encoding   

  12  0:01  SCV  
  13  0:14  SCV  
  14  0:26  Supply Depot, SCV  
  15  0:35  Refinery  
  15  0:47  SCV  
  16  0:50  Barracks  
  16  0:59  SCV  
  17  1:11  SCV  
  18  1:24  SCV  
  19  1:37  Marine  
  19  1:38  Orbital Command  
  19  1:39  Supply Depot  
  20  1:49  Refinery  
  20  1:52  Factory  
  20  1:55  Marine  
  21  2:08  SCV  
  22  2:13  Marine  
  23  2:20  SCV  
  24  2:23  Supply Depot  
  24  2:32  SCV  
  25  2:38  Marine  
  25  2:39  Factory Tech Lab  
  25  2:42  Starport  
  26  2:44  SCV  
  26  2:51  Supply Depot  
  27  2:57  Marine  
  28  3:02  Liberator  
  28  3:05  SCV  
  29  3:06  Siege Tank  
  32  3:17  SCV  
  36  3:20  Marine  
  36  3:25  Engineering Bay  
  37  3:29  SCV  
  38  3:38  Marine  
  39  3:41  SCV  
  39  3:43  Siege Tank, Refinery  
  43  3:53  Supply Depot, SCV  
  43  3:55  Missile Turret  
  44  4:00  Marine  
  44  4:02  Viking  
  47  4:12  Supply Depot  
  47  4:15  SCV  
  48  4:19  Liberator  
  48  4:27  SCV  
  49  4:33  Siege Tank, Marine  
  56  4:39  SCV  
  57  4:48  Supply Depot  
  57  4:51  SCV  
  58  4:56  Marine  
  59  5:02  Supply Depot  
  59  5:03  SCV  
  59  5:14  Marine  
  59  5:15  SCV  
  54  5:35  Siege Tank  
  50  5:44  Viking  
  50  5:46  SCV  
  53  5:58  SCV  
  53  6:02  Liberator  
  53  6:03  Command Center  
  54  6:07  Siege Tank  
  57  6:13  Missile Turret  
  57  6:21  Marine  
  57  6:22  SCV  
  62  6:30  Missile Turret  
  62  6:34  Missile Turret  
  62  6:38  Marine  
  62  6:39  Siege Tank  
  60  7:17  Liberator  
  60  7:19  SCV  
  61  7:24  Orbital Command  
  61  7:32  Marine  
  61  7:34  Supply Depot, Siege Tank  
  68  7:39  Command Center  
  63  8:12  Missile Turret  
  63  8:15  Missile Turret  
  63  8:20  Marine  
  63  8:22  SCV  
Tags
 
Add a new tag
Caveats
  • Supply blocks, unpowered buildings, or Contaminate may cause inaccurate times.
  • Supply counts are checked every 10 seconds.